 Dungeon Crawl Stone Soup version bcrawl-1.18.1 (webtiles) character file.

Game seed: 9418722818848463307

36544 Revguard the Ascendant (level 13, -10/104 HPs)
             Began as a Demigod Fighter on Nov 7, 2019.
             Killed themself with a badly aimed orb of electricity (44 damage)
             ... on level 4 of the Lair of Beasts.
             The game lasted 01:09:20 (16850 turns).

Revguard the Ascendant (Demigod Fighter)           Turns: 16850, Time: 01:09:20

Health: -10/104    AC: 21    Str: 22    XL:     13   Next: 53%
Magic:  27/27      EV: 13    Int: 12    God:    Demigod [****..]
Gold:   506        SH: 23    Dex: 24    Spells: 12/12 levels left

rFire    . . .     SeeInvis +   k - +2 falchion (holy)
rCold    . . .     Gourm    .   c - +0 shield
rNeg     . . .     Faith    .   B - +0 plate armour
rPois    +         Spirit   .   C - +1 hat {SInv}
rElec    .         Reflect  .   z - +0 cloak
rCorr    .         Harm     .   (no gloves)
MR       +....                  v - +0 pair of boots
Stlth    ..........             (no amulet)
HPRegen  0.67/turn              M - +2 ring of dexterity
MPRegen  0.20/turn              s - ring of poison resistance

@: heroism
A: high mp 1, regeneration 1, wild magic 1
a: Temporal Distortion, Growth, Major Destruction, Heroism


You were on level 4 of the Lair of Beasts.
You worshipped Demigod.
Demigod was greatly pleased with you.
You were not hungry.

You visited 4 branches of the dungeon, and saw 18 of its levels.
You also visited: Ossuary.

You collected 1546 gold pieces.
You spent 1040 gold pieces at shops.

Inventory:

Hand Weapons
 k - a +2 falchion of holy wrath (weapon)
Armour
 c - a +0 shield (worn)
 d - the +1 helmet of Buse {rN+}
   (You took it off Robin on level 2 of the Dungeon)

   It protects you from negative energy.
 v - a +0 pair of boots (worn)
 z - a +0 cloak (worn)
 B - a +0 plate armour (worn)
 C - a +1 hat of see invisible (worn)
Jewellery
 h - an uncursed ring of protection from fire
 l - an uncursed ring of stealth
 m - an uncursed ring of flight
 s - a ring of poison resistance (right hand)
 u - an uncursed ring of magical power
 I - an uncursed ring of ice
 L - an uncursed ring of wizardry
 M - a +2 ring of dexterity (left hand)
 N - an uncursed ring of insulation
Wands
 b - a wand of polymorph (8)
 o - a wand of disintegration (14)
 x - a wand of clouds (5)
 y - a wand of random effects (9)
 D - a wand of digging (8)
 K - a wand of acid (8)
Scrolls
 e - 3 scrolls of enchant weapon
 i - 11 scrolls of teleportation
 n - 16 scrolls of remove curse
 p - 2 scrolls of fear
 q - 2 scrolls of blinking
 t - 3 scrolls of magic mapping
 A - 4 scrolls of enchant armour
 E - a scroll of fog
 G - 2 scrolls of amnesia
 Q - a scroll of silence {unknown}
Potions
 a - 3 potions of haste
 g - 2 potions of lignification
 j - 5 potions of curing
 r - 4 potions of flight
 w - 3 potions of brilliance
 F - 2 potions of mutation
 H - a potion of heal wounds
 J - 2 potions of might
 O - a potion of agility
Comestibles
 f - 26 rations {!d}
 P - 8 chunks of flesh


   Skills:
 + Level 6.8(11.8) Fighting
 + Level 10.1(15.1) Long Blades
 * Level 10.8(15.8) Armour
 + Level 3.2(8.2) Dodging
 + Level 10.6(15.6) Shields
 + Level 13.9 Invocations
 * Level 2.1 Evocations


You had 12 spell levels left.
You didn't know any spells.
Your spell library contained the following spells:

 Spells                   Type           Power        Failure   Level  Hunger
 Sandblast                Erth           #.....       98%         1    ##.....
 Passwall                 Tmut/Erth      #.......     99%         2    ###....
 Call Canine Familiar     Summ           #.......     100%        3    ####...
 Stone Arrow              Conj/Erth      #.....       100%        3    ####...
 Ice Form                 Ice/Tmut       #.......     100%        4    #####..
 Petrify                  Tmut/Erth      #.......     100%        4    #####..
 Summon Ice Beast         Ice/Summ       #.......     100%        4    #####..
 Lee's Rapid Deconstruct  Erth           #.........   100%        5    ######.
 Metabolic Englaciation   Hex/Ice        #.........   100%        5    ######.
 Summon Mana Viper        Hex/Summ       #.......     100%        5    ######.
 Bolt of Cold             Conj/Ice       #.........   100%        6    #######
 Freezing Cloud           Ice/Air        #.........   100%        6    #######
 Ozocubu's Refrigeration  Ice            #.........   100%        6    #######
 Simulacrum               Ice/Necr       #.........   100%        6    #######
 Summon Hydra             Summ           #.........   100%        6    #######
 Monstrous Menagerie      Summ           #.........   100%        7    #######


Dungeon Overview and Level Annotations

Branches:
Dungeon (12/12)            Temple (1/1) D:4            Lair (4/6) D:9
 Shoals (0/3) Lair:2       Spider (0/3) Lair:3          Orc (1/1) D:8
    Elf (0/3) Orc          Depths (0/5) D:12
 Vaults: D:11-12

Shops:
D:8 ?   D:10 *   Orc ?[[!=::}


Innate Abilities, Weirdness & Mutations

You have an increased reservoir of magic. (+10% MP)
Your natural rate of healing is unusually fast.
Your spells are a little harder to cast, but a little more powerful.


Message History

The yak is severely wounded.
You block the yak's attack. x2
You hit the yak.
The yak is almost dead.
The yak gores you.
A blink frog comes into view.
The blink frog gives a loud, deep croak!
You hit the yak.
You kill the yak!
Your kill strengthens your divinity.
You block the yak's attack. x2
The yak closely misses you. You block the yak's attack.
You see here a yak corpse.
Press: ? - help, Shift-Dir - straight line, f - yak
Aim: a yak The orb of electricity explodes!
The orb of electricity engulfs the yak.
The yak is almost dead.
The orb of electricity engulfs you!
You die...
Your divinity fades.

......... ......... #
#...###... ##### .#######
#.######..##.#P###....#P####
.####.##....................
............................
...........P................
...........##....F....$.....
P#..###....#....@YF.........
##.#.##..........Y..........
..................(.F!......
..........÷..............}..
...........#.##....#..#.P...
...........########.###P....
...........# ## ....
....÷......# .§.
............# ..§


You could see 2 yaks and 3 blink frogs.

Vanquished Creatures
  Gastronok (D:8)
  Fannar (Orc)
  3 hydras
  3 ogre magi (Orc)
  A centaur warrior (D:11)
  5 two-headed ogres
  An alligator (Lair:4)
  Nergalle (Orc)
  The ghost of yrara the Cudgeler, a novice DsFi of Gozag (D:7)
  An unseen horror (D:11)
  A cyclops (D:11)
  A necromancer (D:12)
  7 orc sorcerers (Orc)
  4 cane toads
  A gargoyle (D:9)
  5 kobold demonologists
  A centaur skeleton (D:10)
  A yaktaur (D:11)
  A rime drake (Lair:4)
  2 trolls
  A queen bee (D:9)
  A merfolk (Lair:2)
  2 hornets
  8 blink frogs
  2 hippogriffs
  Sigmund (D:2)
  A wyvern (Lair:4)
  A shadow (D:10)
  A wraith (D:11)
  10 yaks
  3 hungry ghosts
  2 steam dragons
  2 wargs
  2 vampire mosquitoes (Lair:3)
  A human (D:8)
  3 insubstantial wisps (Lair:3)
  2 porcupines (Lair:4)
  5 water moccasins
  3 sky beasts
  8 orc warriors
  2 black bears
  4 ice beasts
  A necrophage (D:8)
  9 ogres
  A phantom (D:4)
  4 centaurs
  2 crocodiles
  4 big kobolds
  7 bullfrogs
  A wyvern skeleton (D:4)
  A scorpion (D:8)
  A water moccasin skeleton (D:4)
  17 killer bees
  8 wights
  3 howler monkeys
  3 centaur zombies
  3 electric eels
  2 crimson imps
  A gnoll shaman (D:7)
  8 hounds
  2 jellies
  A quasit (D:9)
  A bullfrog skeleton (D:7)
  10 orc priests
  3 iguanas
  21 orc wizards
  6 worker ants
  8 big kobold zombies (Ossuary)
  A hound zombie (D:10)
  A mummy (Ossuary)
  Robin (D:2)
  8 gnolls (D:7)
  A worker ant zombie (D:10)
  8 adders
  A shadow imp (D:5)
  2 oozes
  5 worms
  7 dart slugs
  2 leopard geckos
  38 orcs
  2 spectral bats (Ossuary)
  6 bats
  3 giant cockroaches
  5 gnoll zombies
  14 goblins
  14 hobgoblins
  12 jackals
  22 kobolds
  4 quokkas
  2 ball pythons
  2 bat simulacra (Ossuary)
  4 frilled lizards
  8 goblin zombies
  4 hobgoblin zombies (Ossuary)
  A kobold simulacrum (Ossuary)
  2 kobold zombies (Ossuary)
  5 orc zombies (Ossuary)
  9 rats
  4 rat simulacra (Ossuary)
  4 spectral rats (Ossuary)
  A plant (D:7)
438 creatures vanquished.

Vanquished Creatures (others)
  A hippogriff (Lair:3)
  2 orc wizards
  An orc (D:12)
  A spectral bat (Ossuary)
  2 goblin simulacra (Ossuary)
  A kobold simulacrum (Ossuary)
  2 rat simulacra (Ossuary)
  A spectral rat (Ossuary)
  6 plants
  2 withered plants (D:12)
19 creatures vanquished.

Grand Total: 457 creatures vanquished

Notes
Turn   | Place    | Note
-------+----------+-------------------------------------------
     0 | D:1      | Revguard the Demigod Fighter began the quest for the Orb.
     0 | D:1      | Reached XP level 1. HP: 18/18 MP: 3/3
   140 | D:1      | Reached XP level 2. HP: 25/25 MP: 4/4
   296 | D:1      | Reached * piety under Demigod
   469 | D:1      | Reached XP level 3. HP: 31/31 MP: 6/6
   477 | D:1      | Reached skill level 1 in Invocations
   951 | D:2      | Identified the +1 helmet of Buse {rN+}
   951 | D:2      | Noticed Robin
   984 | D:2      | Reached XP level 4. HP: 38/38 MP: 7/7
   985 | D:2      | Reached ** piety under Demigod
   992 | D:2      | Killed Robin
  1154 | D:2      | Noticed Sigmund
  1230 | D:2      | Killed Sigmund
  1230 | D:2      | Reached skill level 2 in Invocations
  1230 | D:2      | Reached XP level 5. HP: 21/45 MP: 7/9
  1763 | D:2      | Gained mutation: You can translocate small distances at
                  | will. [potion of mutation]
  1763 | D:2      | Lost mutation: You can translocate small distances at will.
                  | [potion of mutation]
  1763 | D:2      | Gained mutation: You possess an exceptional clarity of
                  | mind. [potion of mutation]
  1763 | D:2      | Gained mutation: You have a pair of small horns on your
                  | head. [potion of mutation]
  1831 | D:2      | Reached XP level 6. HP: 50/51 MP: 10/10
  2155 | D:3      | Reached skill level 3 in Invocations
  2491 | D:3      | Reached *** piety under Demigod
  2775 | D:4      | Found a staircase to the Ecumenical Temple.
  2806 | D:4      | Noticed a sky beast
  2842 | D:4      | Reached XP level 7. HP: 8/57 MP: 12/12
  2946 | D:4      | Found a sand-covered staircase.
  2953 | Ossuary  | Entered an ossuary
  3339 | Ossuary  | Reached skill level 1 in Dodging
  3478 | Ossuary  | Reached **** piety under Demigod
  3582 | D:4      | Reached skill level 4 in Invocations
  3750 | D:4      | Reached skill level 5 in Armour
  3750 | D:4      | Reached XP level 8. HP: 56/66 MP: 14/14
  3837 | D:4      | Reached skill level 5 in Long Blades
  3879 | D:4      | Reached skill level 5 in Invocations
  4357 | D:4      | Found a hazy altar of Hepliaklqana.
  4546 | Temple   | Entered the Ecumenical Temple
  4660 | D:5      | Entered Level 5 of the Dungeon
  5380 | D:5      | Got a steaming leather armour
  5391 | D:5      | Identified the cursed +1 leather armour "Juechil" {*Contam
                  | rCorr Str+4} (You found it on level 5 of the Dungeon)
  5808 | D:6      | Reached skill level 6 in Invocations
  5808 | D:6      | Reached XP level 9. HP: 61/71 MP: 16/16
  5833 | D:6      | Gained mutation: Your muscles are strong. (Str +2)
                  | [mutagenic glow]
  5835 | D:6      | Noticed a two-headed ogre
  5845 | D:6      | Killed a two-headed ogre
  5845 | D:6      | Reached skill level 5 in Shields
  6105 | D:6      | Lost mutation: You have a pair of small horns on your head.
                  | [potion of mutation]
  6105 | D:6      | Lost mutation: You possess an exceptional clarity of mind.
                  | [potion of mutation]
  6105 | D:6      | Lost mutation: Your muscles are strong. (Str +2) [potion of
                  | mutation]
  6105 | D:6      | Gained mutation: Your natural rate of healing is unusually
                  | fast. [potion of mutation]
  6105 | D:6      | Gained mutation: Your spells are a little harder to cast,
                  | but a little more powerful. [potion of mutation]
  6643 | D:7      | Reached skill level 7 in Invocations
  6967 | D:7      | Found a transporter.
  6967 | D:7      | Noticed yrara's ghost (novice DsFi)
  6970 | D:7      | Identified the cursed +2 dire flail of Puotal {pain, rPois
                  | rF+ rN+ Int-2}
  6970 | D:7      | Noticed a two-headed ogre
  6986 | D:7      | Found a transporter.
  7302 | D:7      | Noticed a troll
  7311 | D:7      | Killed a troll
  7311 | D:7      | Reached XP level 10. HP: 32/80 MP: 16/19
  7578 | D:7      | Killed a two-headed ogre
  7578 | D:7      | Reached skill level 8 in Invocations
  7581 | D:7      | Reached skill level 5 in Fighting
  7615 | D:7      | Killed yrara's ghost
  7723 | D:8      | Noticed a two-headed ogre
  7874 | D:8      | Killed a two-headed ogre
  7952 | D:8      | Noticed a rust devil
  7959 | D:8      | Noticed a sun demon
  7963 | D:8      | Noticed a sixfirhy
  7968 | D:8      | Noticed a sun demon
  7971 | D:8      | Reached skill level 9 in Invocations
  7979 | D:8      | Noticed a sun demon
  7994 | D:8      | Noticed an orange demon
  8047 | D:8      | Noticed Gastronok
  8075 | D:8      | Killed Gastronok
  8075 | D:8      | Reached skill level 10 in Invocations
  8075 | D:8      | Reached skill level 1 in Evocations
  8075 | D:8      | Reached XP level 11. HP: 31/89 MP: 20/22
  8337 | D:8      | Found a staircase to the Orcish Mines.
  8597 | D:8      | Found Edicrese's Magic Scroll Emporium.
  8605 | D:8      | Bought a scroll of remove curse for 45 gold pieces
  8605 | D:8      | Bought a scroll of enchant weapon for 112 gold pieces
  8605 | D:8      | Bought a scroll of remove curse for 45 gold pieces
  8605 | D:8      | Bought a scroll of remove curse for 45 gold pieces
  8605 | D:8      | Bought a scroll of identify for 30 gold pieces
  8605 | D:8      | Bought a scroll of enchant armour for 112 gold pieces
  8653 | D:8      | Found a stormy altar of Qazlal.
  9149 | D:9      | Found a staircase to the Lair.
  9479 | D:9      | Got a smoking hand axe
  9480 | D:9      | Identified the cursed +1 hand axe of Prudence {chop, rElec
                  | rN+ MP+9 Dex-3} (You found it on level 9 of the Dungeon)
  9550 | D:10     | Entered Level 10 of the Dungeon
  9567 | D:10     | Found a burning altar of Makhleb.
  9569 | D:10     | Noticed an Executioner
  9735 | D:10     | Found Xemuza's Assorted Antiques.
  9738 | D:10     | Bought a cyan potion for 27 gold pieces
  9738 | D:10     | Bought a potion of mutation for 240 gold pieces
  9738 | D:10     | Bought a scroll of identify for 60 gold pieces
  9781 | D:10     | Noticed a two-headed ogre
  9796 | D:10     | Killed a two-headed ogre
 10041 | D:10     | Reached XP level 12. HP: 33/95 MP: 23/23
 10778 | D:11     | Reached skill level 11 in Invocations
 10819 | D:11     | Noticed a centaur warrior
 10844 | D:11     | Killed a centaur warrior
 11150 | D:12     | Entered Level 12 of the Dungeon
 11229 | D:12     | Noticed a vampire mage
 11263 | D:12     | Noticed a two-headed ogre
 11279 | D:12     | Found a staircase to the Depths.
 11529 | Orc      | Entered the Orcish Mines
 11574 | Orc      | Found Widgh's Jewellery Shop.
 11576 | Orc      | Found Rulodd's Book Boutique.
 11795 | Orc      | Found a roughly hewn altar of Beogh.
 11911 | Orc      | Found Yluruxki's Armour Emporium.
 12020 | Orc      | Noticed a two-headed ogre
 12039 | Orc      | Killed a two-headed ogre
 12041 | Orc      | Found a staircase to the Elven Halls.
 12204 | Orc      | Found Poboitiu's Magic Scroll Shoppe.
 12213 | Orc      | Bought a scroll of enchant armour for 90 gold pieces
 12267 | Orc      | Noticed an ogre mage
 12281 | Orc      | Killed an ogre mage
 12281 | Orc      | Reached skill level 10 in Armour
 12329 | Orc      | Found Wefi's Antique Armour Emporium.
 12481 | Orc      | Found an ancient bone altar of Kikubaaqudgha.
 12482 | Orc      | Noticed Nergalle
 12494 | Orc      | Killed Nergalle
 12494 | Orc      | Reached skill level 10 in Shields
 12494 | Orc      | Reached skill level 12 in Invocations
 12660 | Orc      | Noticed Fannar
 12667 | Orc      | Found Rog Upyrr's Book Shoppe.
 12669 | Orc      | Killed Fannar
 12712 | Orc      | Noticed an ogre mage
 12715 | Orc      | Killed an ogre mage
 12719 | Orc      | Noticed an ogre mage
 12750 | Orc      | Killed an ogre mage
 12878 | Orc      | Found a radiant altar of Vehumet.
 12885 | Orc      | Paralysed by an orc sorcerer for 2 turns
 12917 | Orc      | Reached skill level 13 in Invocations
 12917 | Orc      | Reached XP level 13. HP: 99/103 MP: 27/27
 12932 | Orc      | Found Difid's Distillery.
 12954 | Orc      | Bought a potion of heal wounds for 65 gold pieces
 12954 | Orc      | Bought a potion of heal wounds for 65 gold pieces
 12954 | Orc      | Bought a potion of heal wounds for 65 gold pieces
 12954 | Orc      | Bought a potion of curing for 39 gold pieces
 12975 | Orc      | Found a roughly hewn altar of Beogh.
 12985 | Orc      | Found Amoren's Gadget Shoppe.
 13216 | Lair:1   | Entered Level 1 of the Lair of Beasts
 14581 | Lair:2   | Identified a scroll of acquirement
 15009 | Lair:2   | Found a staircase to the Shoals.
 15295 | Lair:3   | Reached skill level 10 in Long Blades
 15460 | Lair:3   | Found a hole to the Spider Nest.
 16116 | Lair:4   | HP: 4/104 [cane toad (16)]
 16850 | Lair:4   | Killed themself with a badly aimed orb of electricity

Skill      XL: |  1  2  3  4  5  6  7  8  9 10 11 12 13 |
---------------+----------------------------------------+-----
Armour         | 3 4 5 6 7 8 9 10 | 10.8
Long Blades    | 2 3 4 5 6 8 9 10 | 10.1
Fighting       | 3 4 5 6 |  6.8
Shields        | 3 4 6 7 9 10 | 10.6
Invocations    | 1 2 3 4 6 7 10 13 | 13.9
Dodging        | 1 2 3 |  3.2
Evocations     | 1 2 |  2.1

Action                   |  1- 3 |  4- 6 |  7- 9 | 10-12 | 13-15 || total
-------------------------+-------+-------+-------+-------+-------++-------
Melee: Long sword        |   114 |    12 |       |       |       ||   126
       Falchion          |       |   189 |   499 |  1212 |   494 ||  2394
       Headbutt          |       |    38 |    93 |       |       ||   131
Invok: Heroism           |       |       |     6 |     9 |     2 ||    17
       Temporal Distorti |       |       |     1 |     1 |       ||     2
       Major Destruction |       |       |     6 |    40 |    23 ||    69
       Growth            |       |       |       |     4 |       ||     4
Evoke: Wand              |       |       |       |    13 |     4 ||    17
  Use: Potion            |     3 |     2 |     6 |    10 |     2 ||    23
       Scroll            |       |    13 |     6 |    11 |     7 ||    37
 Stab: Sleeping          |     1 |     3 |       |       |       ||     4
       Distracted        |       |     1 |       |       |       ||     1
       Petrified         |       |       |       |     3 |       ||     3
       Paralysed         |       |       |       |     3 |       ||     3
  Eat: Chunk             |       |     6 |    10 |    23 |    13 ||    52
       Ration            |       |       |     2 |       |       ||     2
Armor: Scale mail        |    61 |    57 |    78 |       |       ||   196
       Leather armour    |       |       |     2 |       |       ||     2
       Plate armour      |       |       |    75 |   506 |   154 ||   735
       Steam dragon scal |       |       |     4 |       |       ||     4
Dodge: Dodged            |    44 |    47 |    90 |   260 |    80 ||   521
Block: Shield            |    87 |    96 |   330 |  1128 |   433 ||  2074
